 Dungeon Crawl Stone Soup version 0.28.0-43-g3370ac3207 (webtiles) character file.

Game seed: 6271649275588967693

133 styxcanada the Covert (level 4, -4/23 HPs)
             Began as a Spriggan Brigand on Mar 28, 2022.
             Slain by Grinder (6 damage)
             ... on level 3 of the Dungeon.
             The game lasted 00:11:25 (3104 turns).

styxcanada the Covert (Spriggan Brigand)            Turns: 3104, Time: 00:11:26

Health: -4/23      AC:  3    Str:  7    XL:     4   Next: 94%
Magic:  5/5        EV: 17    Int: 12    God:
Gold:   97         SH:  0    Dex: 18    Spells: 3/3 levels left

rFire   . . .      SeeInvis +   a - +2 dagger
rCold   + . .      Faith    .   (no shield)
rNeg    . . .      Spirit   .   r - +0 robe {Will+}
rPois   .          Reflect  .   (helmet restricted)
rElec   .          Harm     .   c - +0 cloak
rCorr   .          Rampage  .   (gloves unavailable)
Will    +....                   (boots unavailable)
Stlth   ++++......              l - amulet of magic regeneration
HPRegen 0.07/turn               p - ring of protection from cold
MPRegen 0.49/turn               (no ring)

@: attractive, very quick
A: very small, no large weapons, unfitting armour, see invisible, speed 3
a: no special abilities


You were on level 3 of the Dungeon.
You visited 1 branch of the dungeon, and saw 3 of its levels.

You collected 97 gold pieces.

Inventory:

Hand Weapons
 a - a +2 dagger (weapon)
Missiles
 i - 41 stones (quivered)
 q - 43 sling bullets
Armour
 c - a +0 cloak (worn)
 r - a +0 robe of willpower (worn)
Jewellery
 l - an amulet of magic regeneration (around neck)
 n - a ring of ice
 p - a ring of protection from cold (left hand)
Scrolls
 b - 2 scrolls of identify {unknown}
 d - a scroll of immolation {unknown}
 g - a scroll of brand weapon {unknown}
 h - a scroll of blinking {unknown}
 j - a scroll of torment {unknown}
 v - a scroll of enchant weapon {unknown}
 w - a scroll of enchant armour {unknown}
Potions
 k - a potion of heal wounds {unknown}
 m - a potion of brilliance {unknown}
 o - a potion of mutation {unknown}
 s - a potion of haste {unknown}
 u - a potion of invisibility {unknown}


   Skills:
 * Level 2.1 Fighting
 + Level 2.6 Short Blades
 + Level 2.4 Throwing
 * Level 2.4 Dodging
 * Level 8.1 Stealth


You had 3 spell levels left.
You didn't know any spells.
Your spell library contained the following spells:

 Spells                   Type           Power      Damage    Failure   Level
 Summon Forest            Summ/Tloc      0%         N/A       100%        5
 Eringya's Noxious Bog    Tmut/Pois      0%         N/A       100%        6
 Summon Hydra             Summ           0%         N/A       100%        7


Dungeon Overview and Level Annotations

Branches:
Dungeon (3/15)

Altars:

Shops:
D:3 [[[

Annotations:
D:3 Grinder


Innate Abilities, Weirdness & Mutations

You are very small and have problems with some larger weapons.
You are too small for most types of armour.
You have supernaturally acute eyesight. (SInv)
You cover ground extremely quickly. (Speed+++)


Message History

Grinder is nearby!
Throw: dart (poison)
Press: ? - help, Q - select action, (/) - cycle Shift-Dir - straight line, f/p - Grinder
Aim: Grinder (lightly wounded, poisoned, 60% to hit)
You throw a poisoned dart. The poisoned dart hits Grinder.
Grinder is lightly wounded.
Throw: dart (curare)
Press: ? - help, Q - select action, (/) - cycle Shift-Dir - straight line, f/p - Grinder
Aim: Grinder (lightly wounded, poisoned, 60% to hit)
You throw a curare-tipped dart.
The curare-tipped dart closely misses Grinder.
Grinder looks more healthy.
It was a potion of attraction.
You feel attractive to monsters.
You barely miss Grinder.
Grinder is moderately wounded.
You hit Grinder.
Grinder is moderately wounded.
Grinder hits you but does no damage.
You closely miss Grinder.
Grinder is moderately wounded.
Grinder hits you!
You writhe in agony.
You hit Grinder but do no damage.
Grinder is moderately wounded.
Grinder says, "Don't move a muscle."
Grinder gestures at you. Pain shoots through your body!
You barely miss Grinder.
Grinder is moderately wounded.
Grinder hits you.
* * * LOW HITPOINT WARNING * * *
You writhe in agony.
* * * LOW HITPOINT WARNING * * *
You hit Grinder.
Grinder is moderately wounded.
Grinder says, "Don't move a muscle."
Grinder hits you.
* * * LOW HITPOINT WARNING * * *
You writhe in agony.
You die...

#.#.##.# #.# #.#####.# . #......#
#.###(......# .
##...########5...######## .
#...##.......##.## ##### .
#####...##.#####.....# #....
r#####...........####.....###....
≈≈≈................##..∩.......<.
≈≈≈≈.#...........#.##((...###.†..
≈∩...#####...##.@5(.......###...∩
≈≈≈≈## #...##.................#
≈≈≈## ........##.#..#.##.####.#
...# #.#...#..##.#..#.##.# #.#
.### #.##.##..##.......... #.# .
#. ...####..####.## #.# # #......
.. #.# #.# .(.... )..( ... ...
.>..## ### ###


You could see Grinder.

Vanquished Creatures
  Jessica (D:2)
  Terence (D:2)
  4 adders (D:2)
  A dart slug (D:2)
  3 orcs (D:2)
  A ball python (D:2)
  5 bats
  4 endoplasms
  A giant cockroach (D:1)
  4 goblins
  5 quokkas
  2 frilled lizards
  5 kobolds
  3 rats (D:2)
40 creatures vanquished.

Notes
Turn   | Place    | Note
-------+----------+-------------------------------------------
     0 | D:1      | styxcanada the Spriggan Brigand began the quest for the
                  | Orb.
     0 | D:1      | Reached XP level 1. HP: 10/10 MP: 2/2
   107 | D:1      | Reached skill level 6 in Stealth
   466 | D:1      | Found a faded altar of an unknown god.
   526 | D:1      | Reached XP level 2. HP: 15/15 MP: 3/3
  1226 | D:2      | Reached XP level 3. HP: 17/18 MP: 4/4
  1273 | D:2      | Reached skill level 7 in Stealth
  1661 | D:2      | Reached XP level 4. HP: 23/23 MP: 5/5
  1815 | D:2      | Noticed Jessica
  2068 | D:2      | Killed Jessica
  2186 | D:2      | Noticed Terence
  2228 | D:2      | Killed Terence
  2229 | D:2      | Reached skill level 8 in Stealth
  2370 | D:3      | Noticed Grinder
  2540 | D:3      | Found Byuta's Armour Emporium.
  2548 | D:3      | Found Didop's Armour Shop.
  2598 | D:3      | Paralysed by Grinder for 5 turns
  2721 | D:3      | HP: 1/23 [Grinder/nerve-wracking pain (1)]
  2805 | D:3      | Found Zonlic Hok's Antique Armour Shop.
  3104 | D:3      | Slain by Grinder

Illustrated notes

Levels and vault maps discovered:
D:1:      dpeg_arrival_central, layout_basic,
          hellmonk_ecumenical_altar_slurped_away
D:2:      layout_basic, minmay_tetromino_i2, uniq_terence, uniq_jessica
D:3:      layout_loops_cross, zin_treasury, serial_shops,
          nicolae_shop_waterfront, nicolae_shop_trees, shop_statue, shop, shop,
          lightli_corner_chamber, uniq_grinder, uniq_ijyb,
          uniq_crazy_yiuf_cottage

Skill      XL: |  1  2  3  4 |
---------------+-------------+-----
Stealth        | 6 7 8 |  8.1
Dodging        | 2 |  2.4
Fighting       | 2 |  2.1
Short Blades   | |  2.6
Throwing       | |  2.4

Action                   |  1- 3 |  4- 6 || total
-------------------------+-------+-------++-------
Melee: Dagger            |    75 |    57 ||   132
       Punch             |       |     1 ||     1
Throw: Dart              |    20 |    36 ||    56
       Stone             |       |     1 ||     1
  Use: Potion            |       |     1 ||     1
 Stab: Sleeping          |    10 |     5 ||    15
Armor: Robe              |    11 |     6 ||    17
Dodge: Dodged            |    47 |    26 ||    73
